[Event "Kvika Banki League Iceland 2022-23"]
[Site "Reykjavik"]
[Date "2022.10.15"]
[Round "4.12"]
[White "Briem, Benedikt"]
[Black "Stefansson, Hannes"]
[Result "0-1"]
[ECO "E52"]
[WhiteElo "2208"]
[BlackElo "2527"]
[Annotator "TA"]
[PlyCount "62"]
[EventDate "2022.10.13"]
[EventType "team-tourn"]
[EventCountry "ISL"]
[SourceTitle "playchess.com"]
[Source "ChessBase"]
[SourceQuality "1"]
[TimeControl "5400+30"]

1. d4 Nf6 2. c4 e6 3. Nc3 Bb4 4. Bd2 O-O 5. Nf3 b6 6. e3 Bb7 7. Bd3 d5 8. cxd5 exd5 9. Ne5 {[%emt 0:00:24] E52: Nimzo-Indian: Rubinstein: 4...0-0 5 Nf3 d5 6 Bd3 b6.} Bd6 10. O-O c5 11. Rc1 {[%emt 0:00:26] The position is equal.} a6 12. f4 Nc6 13. Qf3 Re8 (13... cxd4 $5 14. Nxc6 Bxc6 15. exd4 b5 $11) 14. Ne2 Ne4 {[%emt 0:01:26] [#]} ({Better is} 14... Rc8 $11) 15. Be1 $146 ({Much weaker is} 15. Bxe4 $6 dxe4 16. Qf2 Bf8 $11) (15. Ng3 $1 $14) ({Predecessor:} 15. Bxe4 dxe4 16. Qh5 g6 17. Qh6 Bf8 18. Qh3 Bg7 19. Bc3 Rc8 20. Rfd1 Qe7 21. Nxc6 Bxc6 {1-0 (61) Ardila,O (2017)-Barski,R (2444) Chess.com INT 2020}) 15... f6 $11 16. Bh4 ({Not} 16. Bxe4 $2 dxe4 17. Qh5 fxe5 $19) (16. Nxc6 $11 Bxc6 17. dxc5 bxc5 18. Bxe4 dxe4 19. Qg4) 16... Ne7 $2 ({Resist} 16... Bxe5 17. fxe5 Rxe5 18. dxe5 $16) (16... Nb4 $1 $17 {[%cal Rd6e5] keeps the pressure on.} 17. Bxe4 dxe4) 17. Bxe4 $2 (17. Ng3 $1 $16 {and life is bright.}) 17... dxe4 $17 18. Qh5 {[%emt 0:00:17] [#]} (18. Qf2 $17) 18... g6 $1 $19 19. Qg4 {[%emt 0:05:01] [#]} Bc8 {[%emt 0:00:23][%cal Bb7c8,Bc8f5,Bf5g4][%mdl 32] Against Qe6+} 20. f5 fxe5 21. Qg5 Bxf5 22. dxe5 Bxe5 {[%emt 0:01:44] Black is clearly winning.} 23. g4 h6 24. Qxh6 Bxg4 25. Rf6 {[%emt 0:03:37] Rxg6+ is the strong threat.} Qc7 26. Nf4 Bf5 27. Nh5 (27. Ne6 $142 Bxe6 28. Rxe6) 27... gxh5 28. Kh1 Bxf6 29. Bxf6 Ng6 30. Rg1 Qh7 31. Qf4 Bg4 {[%emt 0:00:24] Weighted Error Value: White=1.41/Black=0.43} 0-1

[Event "Kvika Banki League Iceland 2022-23"]
[Site "Reykjavik"]
[Date "2022.10.15"]
[Round "4.13"]
[White "Movsziszian, Karen"]
[Black "Briem, Stephan"]
[Result "1-0"]
[ECO "A09"]
[WhiteElo "2474"]
[BlackElo "2083"]
[Annotator "TA"]
[PlyCount "69"]
[EventDate "2022.10.13"]
[EventType "team-tourn"]
[EventCountry "ISL"]
[SourceTitle "playchess.com"]
[Source "ChessBase"]
[SourceQuality "1"]
[TimeControl "5400+30"]

1. g3 d5 2. Nf3 g6 3. c4 dxc4 4. Na3 Bg7 5. Nxc4 Nc6 6. d3 {[%emt 0:00:26] A09: Réti Opening: 1 Nf3 d5 2 c4.} e5 7. Bd2 {[%emt 0:00:07] [#]} Qe7 $146 ({Predecessor:} 7... Be6 8. Rc1 Nge7 9. Bg2 a5 10. a3 a4 11. O-O O-O 12. Bc3 f6 13. e4 Qd7 {1-0 (48) Praggnanandhaa,R (2619)-Nakamura,H (2750) Chess.com INT 2022}) 8. Bg2 {[%emt 0:02:11] The position is equal.} Nh6 {[%emt 0:01:17] [#]} (8... Nf6 $11) 9. O-O (9. Ncxe5 $1 $16 Nxe5 10. Nxe5) 9... O-O $14 10. b4 Nf5 11. Rb1 Qe6 (11... a6 $14) 12. e3 h6 13. b5 Nce7 14. Qc2 Nd6 15. Rfc1 a6 16. a4 axb5 17. axb5 Bd7 18. Bc3 f6 19. Nxd6 cxd6 20. Nd2 Ra2 21. Rb2 Rxb2 22. Qxb2 Nd5 (22... b6 $14) 23. Nc4 ({White should try} 23. Bb4 $16) 23... Nxc3 24. Rxc3 {[%emt 0:00:05] aiming for Nb6.} d5 25. Na5 d4 26. exd4 exd4 27. Rc1 {[%emt 0:00:01] Inhibits Qe1+. b6 is the strong threat.} Qb6 $1 28. Nxb7 Qxb5 29. Qxd4 f5 30. Qd6 Rf6 31. Qc7 {[%emt 0:03:14] White is more active.} Be6 (31... Kh7 $14) 32. Nc5 $16 Bf7 33. d4 {[%emt 0:00:56] Hoping for d5.} Kh7 $2 (33... Qb2 34. Rd1 Rb6) 34. Nd7 $18 Re6 {[%emt 0:00:39] [#]} 35. Nf8+ $1 {[%emt 0:00:17][%mdl 512] Weighted Error Value: White=0.10 (very precise) /Black=0.20 (precise)} 1-0

[Event "Kvika Banki League Iceland 2022-23"]
[Site "Reykjavik"]
[Date "2022.10.15"]
[Round "4.14"]
[White "Ornolfsson, Magnus P."]
[Black "Arngrimsson, Dagur"]
[Result "1/2-1/2"]
[ECO "C45"]
[WhiteElo "2154"]
[BlackElo "2377"]
[Annotator "TA"]
[PlyCount "62"]
[EventDate "2022.10.13"]
[EventType "team-tourn"]
[EventCountry "ISL"]
[SourceTitle "playchess.com"]
[Source "ChessBase"]
[SourceQuality "1"]
[TimeControl "5400+30"]

1. e4 e5 2. Nf3 Nc6 3. d4 exd4 4. Nxd4 Nf6 5. Nxc6 bxc6 6. Bd3 d5 7. exd5 cxd5 8. O-O Be7 9. Bg5 {[%emt 0:02:27] C45: Scotch Game.} Rb8 {[%emt 0:01:34] Inhibits Bb5+.} 10. b3 {[%emt 0:04:30] [#]} h6 $146 ({Predecessor:} 10... O-O 11. Re1 Be6 12. Nd2 h6 13. Bh4 Bb4 14. Re3 g5 15. Bg3 Bg4 16. Be2 Bxe2 17. Qxe2 Bxd2 18. Qxd2 {0-1 (33) Stanko,I-Betko,L (2225) Slovakia 1997}) 11. Bh4 Be6 12. Nd2 a5 13. c4 a4 14. Re1 (14. bxa4 $14 O-O 15. Qc2) 14... O-O {[%emt 0:05:45] The position is equal.} 15. cxd5 Bxd5 16. Nc4 axb3 17. axb3 Be6 18. Qc2 Nd5 19. Bxe7 Qxe7 20. Bh7+ Kh8 21. Bf5 {[%emt 0:00:24] [#] Threatens to win with Bxe6.} Nf4 {[%emt 0:03:07][%cal Of4g2] White must now prevent ...Nxg2!} 22. g3 Qf6 23. Bxe6 Nxe6 24. Ne5 {[%emt 0:00:52] Hoping for Nd7.} Rbd8 {[%emt 0:07:31] Prevents Nd7.} 25. Ra6 Nd4 26. Qc4 Nf3+ 27. Nxf3 Qxf3 28. Qxc7 Rd1 {[%emt 0:00:53][%cal Rd1e1] [#]} ({Don't do} 28... Rd2 29. Qb6 $14) 29. Ra1 Rxe1+ 30. Rxe1 Qxb3 31. Qe7 Kg8 {[%emt 0:00:09] Weighted Error Value: White=0.04 (flawless) /Black=0.05 (flawless)} 1/2-1/2

[Event "Kvika Banki League Iceland 2022-23"]
[Site "Reykjavik"]
[Date "2022.10.15"]
[Round "4.15"]
[White "Petersson, Baldur Teodor"]
[Black "Ingvason, Johann"]
[Result "1-0"]
[ECO "B40"]
[WhiteElo "2230"]
[BlackElo "2140"]
[Annotator "TA"]
[PlyCount "93"]
[EventDate "2022.10.13"]
[EventType "team-tourn"]
[EventCountry "ISL"]
[SourceTitle "playchess.com"]
[Source "ChessBase"]
[SourceQuality "1"]
[TimeControl "5400+30"]

1. e4 e6 2. d3 d5 3. Nd2 c5 4. Ngf3 Nc6 5. g3 Qc7 6. Bg2 {[%emt 0:00:18] B40: Sicilian: 2...e6, Unusual lines.} Be7 7. O-O h5 {[%emt 0:00:37] [#]} (7... Nf6 $11) 8. Re1 $146 {[%emt 0:02:14] White is slightly better.} ({Predecessor:} 8. h4 Nf6 9. Re1 Bd7 10. c3 O-O-O 11. a3 Ne5 12. Nxe5 Qxe5 13. Nc4 Qc7 14. Bf4 {1-0 (27) Barata,A (2157)-De Sousa Filho,A (1955) Fortaleza 2014}) 8... h4 9. exd5 (9. gxh4 $6 Nf6 $11) 9... exd5 10. Nxh4 Be6 (10... Kf8 $16) 11. Ndf3 O-O-O (11... Qd7 $16 12. Ng5 Bxg5 13. Bxg5 Nge7) 12. Ng6 $18 Rh5 (12... fxg6 $142 13. Rxe6 Qd7) 13. Nf4 Rh8 14. Rxe6 (14. Nxe6 fxe6 15. Rxe6 Bd6) 14... fxe6 15. Nxe6 Qd7 16. Nxd8 Bxd8 17. Bf4 Nge7 18. Qd2 Ng6 19. Re1 Nxf4 20. Qxf4 (20. gxf4 $6 Qf5 21. Ne5 Bc7 $18) 20... Bf6 21. h4 Bxb2 22. Ng5 {[%emt 0:00:50] aiming for Bh3.} Qc7 23. Qf5+ Qd7 24. Qxd5 Qxd5 25. Bxd5 Nb4 26. Bg2 {[%emt 0:01:43] Strongly threatening Nf7.} Bf6 27. Nf7 Rf8 28. Nd6+ Kb8 $2 (28... Kd7 {was necessary.}) 29. Nxb7 Bd4 30. Re7 {[%emt 0:01:25] Nd6 is the strong threat.} Rxf2 {[%emt 0:02:17] [#]} 31. Kh1 $1 (31. Re8+ Kc7 32. Re7+ Kb6 33. Re6+ Kc7 34. Re7+ Kb6 $14) 31... Bf6 32. Rf7 (32. Re8+ Kc7 $16) 32... Bd4 {[%emt 0:00:22] [#]} (32... Rxc2 $2 33. Nd6 Rc1+ 34. Kh2 $18) 33. Re7 ({Not} 33. Rxf2 Bxf2 34. h5 c4 $14) (33. Rd7 $1 $18 Kc8 34. Bh3 Rf1+ 35. Kh2 Rf2+ 36. Kg1 (36. Kh1 Rf1+ 37. Kh2 Rf2+ 38. Kg1 Kb8 $18)) 33... Nxa2 $2 (33... Rxc2 $2 34. Nd6 Rxg2 35. Kxg2 $18) (33... Bf6 $11 34. Rd7 (34. Re8+ Kc7 $16) 34... Re2 35. Nxc5 Re1+ 36. Kh2 Re7) 34. Nd6 {[%emt 0:05:48] Threatening mate with Rb7+.} Rxg2 35. Kxg2 {[%emt 0:00:07][%mdl 4096] Endgame KRN-KBN} a5 36. Rb7+ Ka8 37. Rb5 Bc3 38. Rxc5 {[%emt 0:00:13] And now Rc8+ would win.} Bb4 39. Rc8+ Ka7 40. Nc4 Bc3 41. h5 a4 42. g4 Bf6 43. Rc7+ Ka6 44. Rc6+ {[%emt 0:00:07] White mates.} Kb5 {[%emt 0:00:04] [#]} 45. Rxf6 $1 gxf6 46. h6 Nb4 47. Na3+ {[%emt 0:00:30] Weighted Error Value: White=0.31/Black=0.34} 1-0

[Event "Kvika Banki League Iceland 2022-23"]
[Site "Reykjavik"]
[Date "2022.10.15"]
[Round "4.16"]
[White "Sigurjonsson, Siguringi"]
[Black "Gretarsson, Andri A"]
[Result "1/2-1/2"]
[ECO "D05"]
[WhiteElo "2072"]
[BlackElo "2267"]
[Annotator "TA"]
[PlyCount "66"]
[EventDate "2022.10.13"]
[EventType "team-tourn"]
[EventCountry "ISL"]
[SourceTitle "playchess.com"]
[Source "ChessBase"]
[SourceQuality "1"]
[TimeControl "5400+30"]

1. d4 d5 2. Nf3 Nf6 3. e3 e6 4. Be2 c5 5. b3 Bd6 6. O-O {[%emt 0:02:54] D05: Colle System with ...e6.} O-O 7. Bb2 b6 8. Nbd2 {[%emt 0:03:13] The position is equal.} Bb7 9. Ne5 {[%emt 0:02:25] [#]} Qc7 $146 ({Predecessor:} 9... Nc6 10. Nxc6 Bxc6 11. dxc5 bxc5 12. c4 a5 13. cxd5 exd5 14. Rc1 Qe7 15. Bf3 Rfd8 {0-1 (48) Manukyan,S (2150)-Lashkin,J (2386) Chess.com INT 2021}) 10. Rc1 Nc6 11. f4 Ne4 12. Bf3 (12. c4 $11) 12... f6 (12... cxd4 $15 13. Nxe4 (13. Nxc6 dxe3 14. Nxe4 dxe4 $17) 13... dxe4 14. Bxe4 (14. Nxc6 $2 exf3 15. Nxd4 fxg2 $19) 14... dxe3) 13. Bxe4 (13. Nxe4 $14 dxe4 14. Bxe4) 13... dxe4 $11 14. Nec4 Ne7 (14... cxd4 {with more complications.} 15. Nxe4 Be7 16. exd4 Nxd4 17. Qxd4 Rad8) 15. Qe2 cxd4 16. Nxd6 Qxd6 17. Bxd4 Rfd8 18. Rfd1 Nf5 19. Bb2 Qc5 20. Kf2 Rac8 21. a3 Rd6 22. b4 (22. Nf1 $11 {was preferrable.}) 22... Qc6 23. Nb3 Rxd1 24. Qxd1 Nd6 ({Better is} 24... e5 $15 25. Qg4 Qe6) 25. Qg4 Kf7 26. Qh5+ $1 ({Much worse is} 26. Nd4 Qc4 $15) 26... Kg8 27. Qg4 Kf7 28. Qh5+ $1 $40 {[%emt 0:00:08][%mdl 128] White attacks.} ({Much weaker is} 28. Nd4 Qc4 $15) 28... Kg8 29. Qg4 Kf7 30. Nd4 (30. Qh5+ $1 $11 Kg8) 30... Qd5 31. Rd1 Nc4 $2 {[%emt 0:00:46][%mdl 8192] [#]} (31... Qa2 $15) 32. Ba1 $2 (32. Nxe6 $1 $18 Qxd1 33. Qxd1 Kxe6 34. Qg4+ f5 35. Qxg7 Nxb2 36. Qe5+ Kd7 37. Qxf5+ Ke8 38. Qe5+ Kf7 39. Qxb2) 32... Re8 $2 (32... Nxa3 $2 {[#]} 33. Nxe6 $1 (33. f5 g6 $18) 33... Rxc2+ 34. Kg3 $18) (32... h5 $11 33. Qe2 Nxa3) 33. f5 Rc8 $2 {[%emt 0:00:58][%mdl 32768] Weighted Error Value: White=0.29 (precise) /Black=0.51. An unexpected result.} (33... Nd6) 1/2-1/2

[Event "Kvika Banki League Iceland 2022-23"]
[Site "Reykjavik"]
[Date "2022.10.15"]
[Round "4.17"]
[White "Steingrimsson, Hedinn"]
[Black "Oleksiyenko, Mykhaylo"]
[Result "1/2-1/2"]
[ECO "D35"]
[WhiteElo "2512"]
[BlackElo "2592"]
[Annotator "TA"]
[PlyCount "37"]
[EventDate "2022.10.13"]
[EventType "team-tourn"]
[EventCountry "ISL"]
[SourceTitle "playchess.com"]
[Source "ChessBase"]
[SourceQuality "1"]
[TimeControl "5400+30"]

1. d4 d5 2. c4 e6 3. Nc3 Nf6 4. cxd5 exd5 5. Bg5 c6 6. e3 Be7 {[%emt 0:00:12] 6...Bd6 is a critical line.} 7. Bd3 Nbd7 8. h3 {[%emt 0:01:12] D35: Queen's Gambit Declined: Exchange Variation.} Nf8 9. Qc2 Ne6 10. Bh4 {[%emt 0:00:11] The position is equal.} Nh5 11. Bxe7 Qxe7 12. Nge2 (12. O-O-O $14) 12... Nf6 13. O-O-O Bd7 14. Kb1 O-O-O 15. f3 Kb8 16. e4 dxe4 17. fxe4 {[%emt 0:00:03] [#]} Bc8 $146 ({Predecessor:} 17... Nc7 18. Ng1 Nh5 19. Nf3 Nf4 20. Bc4 f6 21. Rhe1 Qb4 22. Bb3 Rhe8 23. a3 Qa5 {½-½ (62) Lautier,J (2655)-Piket,J (2670) Monte Carlo 1995}) 18. Bc4 Nc7 19. Ng3 {[%emt 0:14:06] Weighted Error Value: White=0.14 (very precise) /Black=0.07 (flawless)} 1/2-1/2

[Event "Kvika Banki League Iceland 2022-23"]
[Site "Reykjavik"]
[Date "2022.10.15"]
[Round "4.18"]
[White "Kjartansson, Gudmundur"]
[Black "Kazakouski, Valery"]
[Result "0-1"]
[ECO "A46"]
[WhiteElo "2456"]
[BlackElo "2538"]
[Annotator "TA"]
[PlyCount "114"]
[EventDate "2022.10.13"]
[EventType "team-tourn"]
[EventCountry "ISL"]
[SourceTitle "playchess.com"]
[Source "ChessBase"]
[SourceQuality "1"]
[TimeControl "5400+30"]

1. d4 Nf6 2. Nf3 e6 3. g3 b5 4. Bg5 Bb7 5. Nbd2 c5 6. e4 {[%emt 0:03:14] A46: 1 d4 Nf6 2 Nf3 e6: Torre, London and Colle Systems.} Qb6 7. Bxf6 gxf6 8. dxc5 {[%emt 0:01:36] The position is equal.} Bxc5 9. Qe2 {[%emt 0:00:09] [#]} Nc6 $146 ({Predecessor:} 9... Ba6 10. Nb3 b4 11. Qd2 Bxf1 12. Kxf1 a5 13. Nxc5 Qxc5 14. Qf4 Qc4+ 15. Kg2 Ke7 {1-0 (31) Katopodis,D (2267)-Tsivelekidou,E (2007) Rio 2018}) 10. Nb3 ({White should try} 10. Bg2 $11) 10... Be7 $15 11. O-O-O a6 12. Kb1 d6 (12... b4 $15) 13. Nfd2 h5 14. f4 h4 15. Bg2 (15. g4 $1 $11) 15... a5 $1 16. Nf3 hxg3 (16... b4 $1 $15) 17. hxg3 $11 Rxh1 18. Bxh1 b4 19. Nbd4 (19. Nfd4 {looks sharper.} a4 20. Nxc6 axb3 21. Nxe7 Kxe7 22. e5) 19... O-O-O 20. Nxc6 Bxc6 21. Nd4 Be8 22. Bf3 Kb8 23. Qd3 Rc8 24. Rc1 a4 25. c4 bxc3 26. Rxc3 Rxc3 27. Qxc3 f5 28. Ne2 ({Don't go for} 28. exf5 $2 Bf6 29. a3 Bxd4 $19) 28... fxe4 29. Bxe4 Bb5 30. Qh8+ Kc7 31. Nd4 (31. Qc3+ $11 {keeps the balance.} Kd7 32. Bd3) 31... Bd7 $1 $17 32. Ne2 f6 (32... d5 $17 33. Qc3+ Kb7) 33. a3 $1 $11 d5 34. Bd3 Qe3 35. Kc2 Qb6 $40 {[%emt 0:02:15][%mdl 128] White must now prevent ...Qb3+. Black attacks.} 36. Kb1 d4 37. Kc1 {[%emt 0:00:59] [#]} (37. Ka1 $1 $11 {remains equal.}) 37... Qb3 $1 $17 38. Qh7 Bc5 {[%emt 0:00:51] ...f5 is the strong threat. Black is more active.} 39. g4 {[%emt 0:01:01][%mdl 8192] Against f5. This move loses the game for White.} (39. Bc2 $17 Qc4 40. Qd3 Qxd3 41. Bxd3) 39... f5 $19 40. Qh3 (40. Bc2 $142 Qe3+ 41. Kb1 Qxe2 42. Bxa4 Qe4+ 43. Ka2 Qd5+ 44. Bb3) 40... fxg4 $2 (40... Bb5 41. Qh7+ Kb6) 41. Qg3 (41. Qh7) 41... Kb6 {[%emt 0:00:57] Hoping for ...Bb5.} 42. f5 exf5 {[%emt 0:00:55][%cal Of5f4] And now ...f4! would win.} 43. Qb8+ Kc6 44. Qa8+ Kc7 45. Nf4 {[%emt 0:00:04] [#]} Bc6 $1 46. Qa5+ Qb6 47. Qe1 (47. Ne6+ $142 Kd6 48. Qe1 Bxa3 49. bxa3) 47... Kb7 {[%emt 0:00:38] Threatens to win with ...Bd6.} 48. Bxf5 $2 (48. Qe5 g3 49. Ne6) 48... Bd6 {[%emt 0:01:05] A strong pair of Bishops.} 49. Ne6 {[%emt 0:01:23] Inhibits Qc5+.} g3 {[%emt 0:00:20][%cal Od4d3] ( -> ...d3!)} 50. Be4 d3 {[%emt 0:00:46] Black mates.} 51. Kb1 d2 52. Bxc6+ Qxc6 53. Qxd2 {[%emt 0:00:32] KQB-KQN} Qe4+ 54. Ka1 Qxe6 55. Qg2+ Kb6 56. Qa8 Qd7 57. Qd5 Qc6 {[%emt 0:00:12] Weighted Error Value: White=0.68/Black=0.27 (precise)} 0-1

[Event "Kvika Banki League Iceland 2022-23"]
[Site "Reykjavik"]
[Date "2022.10.15"]
[Round "4.19"]
[White "Ragnarsson, Dagur"]
[Black "Sulypa, Oleksandr"]
[Result "1/2-1/2"]
[ECO "D52"]
[WhiteElo "2348"]
[BlackElo "2463"]
[Annotator "TA"]
[PlyCount "64"]
[EventDate "2022.10.13"]
[EventType "team-tourn"]
[EventCountry "ISL"]
[SourceTitle "playchess.com"]
[Source "ChessBase"]
[SourceQuality "1"]
[TimeControl "5400+30"]

1. d4 d5 2. c4 c6 3. Nf3 Nf6 4. Nc3 e6 5. Bg5 Nbd7 6. e3 Qa5 7. cxd5 Nxd5 8. Rc1 Bb4 $1 {[%emt 0:00:26][%mdl 4] is more profitable than 8...Nxc3 at the moment.} 9. Qb3 e5 10. Bc4 {[%emt 0:22:53] D52: Queen's Gambit Declined: Cambridge Springs Variation.} (10. dxe5 Nc5 11. Qc2 (11. Qc4 $2 h6 $19) 11... Qxa2 $17) 10... e4 11. Bxd5 cxd5 12. Nd2 {[%emt 0:00:41] [#]} Nb6 $146 ({Predecessor:} 12... O-O 13. a3 Bxc3 14. Rxc3 Nb6 15. Rc5 Qa6 16. Qa2 Na4 17. Rc1 Bf5 18. Nb1 Rac8 {0-1 (30) Couspeyre,T (1287)-Goreczny,G (1621) LSS email 2014}) 13. O-O Bd7 14. a3 Bxc3 15. Rxc3 O-O 16. Rfc1 h6 17. Bf4 Na4 18. R3c2 (18. Qxb7 Nxc3 19. Rxc3 Qb6 $1 $17) 18... Rac8 19. f3 (19. Qxb7 Qxd2 20. Bc7 Qd3 $17) (19. Bc7 $14 Nb6 20. Bxb6 axb6 21. Rxc8 Rxc8 22. Rxc8+ Bxc8 23. Qc2) 19... Rxc2 $11 20. Rxc2 Bf5 21. g4 (21. Qxb7 exf3 22. b4 Qd8 $17) 21... Be6 22. h3 ({White should play} 22. Qxb7 $11 exf3 23. b4 (23. Nxf3 Bxg4 24. b4 Qb6 $11)) 22... h5 (22... Qa6 $15) 23. Qxb7 Nb6 {[%emt 0:00:53] ...Rc8 is the strong threat.} 24. gxh5 (24. Bd6 $11 {remains equal.} Re8 25. fxe4) 24... Qb5 (24... Rc8 $142 25. h6 Rxc2 26. Qb8+ Bc8) 25. Qe7 $2 {[%emt 0:10:41] [#]} (25. fxe4 $2 Qe2 26. Qe7 Qd1+ 27. Nf1 Qxc2 $19) (25. Qxa7 Qd3 26. Nxe4 (26. Qxb6 $2 Qxc2 27. Qb4 Qd1+ 28. Kf2 Rc8 $19) (26. Qc7 $2 Rc8 $19) 26... Qd1+ 27. Kg2 dxe4 $19) (25. Nxe4 $17 {might work better.} dxe4 26. h6) 25... Qe2 $1 $19 {[%emt 0:02:35] White must now prevent ...Qd1+.} 26. h6 {[%emt 0:00:11] Threatening mate with Qg5.} ({Of course not} 26. Bd6 Ra8 27. Qg5 exf3 $19) 26... exf3 27. h7+ Kxh7 28. Nxf3 (28. Qh4+ $142 Kg8 29. Qf2 Qd1+ 30. Nf1) 28... Qd1+ ({Not} 28... Qxc2 29. Qxf8 f6 30. Qe8 $17) ({Worse is} 28... Qxf3 29. Rg2 Kg8 30. Rxg7+ Kxg7 31. Qg5+ Kh8 32. Qh6+ Kg8 33. Qg5+ Kh8 34. Qh6+ Kg8 35. Qg5+ Kh8 $11) 29. Ne1 Qxe1+ 30. Kh2 Rc8 (30... Bf5 $19 31. Rg2 Nd7) 31. Rg2 $11 {[%emt 0:00:08] White threatens Qg5 and mate. Chess con chili.} Rc1 {[%emt 0:01:38] ( -> ...Qh1+)} (31... g6 $5 32. Qg5 $8 Kg8 $11) 32. Rxg7+ $1 Kxg7 {[%emt 0:00:16] Weighted Error Value: White=0.34/Black=0.40} 1/2-1/2

[Event "Kvika Banki League Iceland 2022-23"]
[Site "Reykjavik"]
[Date "2022.10.15"]
[Round "4.20"]
[White "Thorhallsson, Throstur"]
[Black "Bjornsson, Sigurbjorn"]
[Result "1-0"]
[ECO "B70"]
[WhiteElo "2396"]
[BlackElo "2308"]
[Annotator "TA"]
[PlyCount "75"]
[EventDate "2022.10.13"]
[EventType "team-tourn"]
[EventCountry "ISL"]
[SourceTitle "playchess.com"]
[Source "ChessBase"]
[SourceQuality "1"]
[TimeControl "5400+30"]

1. e4 c5 2. Nf3 d6 3. d4 cxd4 4. Nxd4 Nf6 5. Nc3 g6 6. Be2 Bg7 7. O-O O-O 8. Bg5 Nc6 9. Nb3 Be6 10. Kh1 Qc8 11. f4 {[%emt 0:03:23] B70: Sicilian Dragon: 6 g3 and 6 Be2 (without a later Be3).} Bg4 12. Nd5 {[%emt 0:12:53] Black must now prevent Nxf6+.} Bxe2 13. Qxe2 {[%emt 0:00:06] White is slightly better.} Nxd5 14. exd5 Nb4 15. Qe4 {[%emt 0:09:41] [#]} (15. Qxe7 $2 Re8 16. Qxd6 Bf8 $19) 15... a5 $146 {[%emt 0:05:06] [#]} (15... Nxc2 $2 16. Rac1 $18) (15... h6 $14) ({Predecessor:} 15... Na6 16. f5 Re8 17. c3 Qd7 18. Rf3 gxf5 19. Qh4 e5 20. Rg3 f4 21. Bf6 {1-0 (21) Bindl,T-Kraft,V Marktredwitz 1984}) 16. c3 $1 $16 (16. Bxe7 Re8 17. c3 f5 $17) 16... Na6 {[%emt 0:02:12] [#]} 17. f5 $1 {[%emt 0:06:02] Inhibits e6. White has more active pieces.} (17. Bxe7 Re8 18. f5 (18. Nxa5 $2 Nc5 $19) 18... Qd7 $11) 17... gxf5 (17... a4 $16 18. Qxa4 Nc5) 18. Qxe7 Qc7 19. Qe3 ({Resist} 19. Rxf5 $6 Rfe8 20. Qxc7 Nxc7 $16) 19... Rae8 20. Qh3 Nc5 21. Nd4 ({Don't play} 21. Rxf5 Nxb3 22. axb3 Re5 23. Rxe5 Bxe5) ({Don't take} 21. Qxf5 $6 Re5 22. Qf4 Rxd5 23. Nxc5 Rxc5 $16) 21... Re5 (21... Ne4 $142) 22. Nxf5 $18 f6 23. Bf4 Rxd5 24. Nxg7 Qxg7 25. Bh6 Qe7 26. Bxf8 Kxf8 27. Qh6+ Kg8 28. Rxf6 Nd7 29. Rf3 Ne5 30. Rg3+ Ng6 31. Rf1 Re5 32. h3 Re6 33. Qg5 Qxg5 34. Rxg5 Re2 35. h4 Kg7 36. h5 Kh6 37. hxg6 Kxg5 38. g7 {[%emt 0:00:11] Black did not feel at home in the position after the opening.  Weighted Error Value: White=0.01 (flawless) /Black=0.34} 1-0

[Event "Kvika Banki League Iceland 2022-23"]
[Site "Reykjavik"]
[Date "2022.10.15"]
[Round "4.21"]
[White "Johannesson, Oliver"]
[Black "Johannesson, Ingvar Thor"]
[Result "1/2-1/2"]
[ECO "E46"]
[WhiteElo "2205"]
[BlackElo "2319"]
[Annotator "TA"]
[PlyCount "79"]
[EventDate "2022.10.13"]
[EventType "team-tourn"]
[EventCountry "ISL"]
[SourceTitle "playchess.com"]
[Source "ChessBase"]
[SourceQuality "1"]
[TimeControl "5400+30"]

1. d4 Nf6 2. c4 e6 3. Nc3 Bb4 4. e3 O-O 5. Nge2 Re8 6. a3 Bf8 7. g3 d5 {[%emt 0:00:16] Prevents e4. E46: Nimzo-Indian: Rubinstein: 4 e3 0-0 5 Ne2 without early Bd3.} 8. cxd5 exd5 9. Bg2 a5 {[%emt 0:00:30] Black has an edge.} 10. O-O Na6 11. Qc2 c6 12. Bd2 Nc7 13. h3 Ne6 {[%emt 0:11:18] [#]} 14. Rad1 $146 ({Predecessor:} 14. Kh2 g6 15. Rad1 b6 16. f3 Ba6 17. Be1 c5 18. dxc5 bxc5 19. Bf2 Rb8 20. f4 {0-1 (36) Aleksandrov,A (2639)-Lopez Martinez,J (2570) Lugo 2009}) 14... h5 (14... g6 $15) 15. Bc1 Ng5 16. Nf4 Bd6 17. f3 $1 {[%emt 0:09:56] Prevents Nge4.} Bd7 ({Much less strong is} 17... Bxf4 18. exf4 Ngh7 19. g4 $14) 18. Kh2 h4 {[%emt 0:02:13] [#] ...hxg3+ is the strong threat.} 19. g4 Ne6 {[%emt 0:02:10] And now ...g5 would win.} 20. Kh1 $1 Nxf4 21. exf4 Qc7 22. f5 Bf4 {[%emt 0:07:49] Inhibits Bg5.} (22... Bg3 {looks sharper.} 23. Ne2 c5 24. Nxg3 Qxg3 25. dxc5 Bb5) 23. Ne2 Bxc1 24. Nxc1 Re3 25. Nd3 Bxf5 26. gxf5 {[%emt 0:02:10] Threatens to win with Qf2.} Nh5 $1 27. Rfe1 Rae8 28. Qf2 Ng3+ 29. Kg1 Re2 30. Nc1 (30. Rd2 $11 Rxe1+ 31. Nxe1) 30... Rxf2 $15 31. Rxe8+ Kh7 32. Kxf2 Nxf5 33. Ne2 Qd7 {[%emt 0:00:50][%mdl 1024] Black has compensation.} 34. Ra8 b6 35. Rc1 {[%emt 0:07:28] [#]} (35. Rd3 $11 {remains equal.}) 35... Nd6 ({Black should try} 35... c5 $1 $17 {Strongly threatening ...Qe6.} 36. dxc5 Qe6) 36. b4 {[%emt 0:00:50] The position is equal.} Qb7 37. Rd8 Qe7 38. Ra8 Qb7 39. Rd8 Qe7 40. Ra8 {[%emt 0:04:23] Weighted Error Value: White=0.13 (very precise) /Black=0.13 (very precise)} 1/2-1/2